 Dungeon Crawl Stone Soup version 0.15-b1-91-gafc2b96 (webtiles) character file.

51433 MinerD the Blocker (level 14, -9/111 HPs)
             Began as a Minotaur Fighter on Aug 17, 2014.
             Was the Champion of Okawaru.
             Killed from afar by a shock serpent (12 damage)
             ... with a bolt of electricity
             ... on Level 1 of the Snake Pit on Aug 18, 2014.
             The game lasted 02:29:13 (22043 turns).

MinerD the Blocker (Minotaur Fighter)              Turns: 22043, Time: 02:29:13

HP  -9/111       AC 19     Str 21      XL: 14   Next: 23%
MP  23/23        EV  6     Int  5      God: Okawaru [******]
Gold 1203        SH 16     Dex 15      Spells:  0 memorised, 13 levels left

rFire  + . .     SeeInvis .     p - +2 demon trident of Welfare {venom, rPois MR+}
rCold  + . .     Clarity  .     h - +0 plate armour
rNeg   . . .     rCorr    .     o - +2 shield
rPois  +         rRot     .     (helmet unavailable)
rElec  .         Spirit   .     r - +1 cloak
SustAb .         Warding  .     P - +0 pair of gloves
rMut   .         Stasis   .     V - +0 pair of boots of Stiwenn {+Blink +Inv rPois rC+}
Gourm  +                        g - amulet of the gourmand
MR     +++..                    E - ring of protection from magic
                                w - ring of protection from fire

@: very slightly contaminated, hasted, very quick, extremely resistant to
hostile enchantments, extremely unstealthy
A: retaliatory headbutt, horns 3, frail 1, placid magic 1
a: Heroism, Finesse, Renounce Religion, Evoke Blink, Evoke Invisibility


You were on level 1 of the Snake Pit.
You worshipped Okawaru.
Okawaru was exalted by your worship.
You were not hungry.

You visited 4 branches of the dungeon, and saw 20 of its levels.
You also visited: Sewer and Volcano.

You collected 1203 gold pieces.

Inventory:

Hand weapons
 p - the +2 demon trident of Welfare (weapon) {venom, rPois MR+}
   (Okawaru gifted it to you on level 3 of the Lair of Beasts)

   It poisons the flesh of those it strikes.
   It protects you from poison.
   It affects your resistance to hostile enchantments.
 R - the +4 greatsling of an ice cave {flame, rElec rPois Str-2}
   (Okawaru gifted it to you on level 11 of the Dungeon)

   It turns projectiles fired from it into bolts of flame.
   It affects your strength (-2).
   It insulates you from electricity.
   It protects you from poison.
Missiles
 f - 16 sling bullets of flame
 z - 37 steel sling bullets
 F - 17 sling bullets of frost
 O - 6 javelins of returning (quivered)
 T - 331 stones
 U - 18 sling bullets
Armour
 b - a +2 hat of magic resistance
 h - a +0 plate armour (worn)
 o - a +2 shield (worn)
 r - a +1 cloak (worn)
 P - a +0 pair of gloves (worn)
 V - the +0 pair of boots of Stiwenn (worn) {+Blink +Inv rPois rC+}
   (Okawaru gifted it to you on level 2 of the Lair of Beasts)

   It protects you from cold.
   It protects you from poison.
   It lets you turn invisible.
   It lets you blink.
Magical devices
 a - a wand of lightning (6)
 y - a wand of enslavement (4)
 A - a wand of digging (5) {unknown}
 B - a wand of lightning (3)
 D - a wand of lightning (6)
 S - a wand of fire (6)
Comestibles
 d - 5 bread rations
 q - a slice of pizza
 s - a royal jelly
Scrolls
 l - 7 scrolls of fear
 n - 9 scrolls of teleportation
 t - a scroll of amnesia
 x - 4 scrolls of remove curse
 G - a scroll of identify
Jewellery
 e - an uncursed ring of protection from cold
 g - an amulet of the gourmand (around neck)
 u - an uncursed amulet of resist corrosion
 w - a ring of protection from fire (left hand)
 E - a ring of protection from magic (right hand)
 H - an uncursed ring of protection from magic
Potions
 i - 5 potions of curing
 k - 2 potions of cancellation
 v - 2 potions of magic
 C - a potion of haste
Books
 c - a book of Clouds

   Spells                             Type                      Level
   Mephitic Cloud                     Conjuration/Poison/Air       3
   Conjure Flame                      Conjuration/Fire             3
   Poisonous Cloud                    Conjuration/Poison/Air       6
   Freezing Cloud                     Conjuration/Ice/Air          6
   Ring of Flames                     Charms/Fire                  7
Miscellaneous
 m - a phial of floods
Rods
 j - a +7 rod of clouds (16/17)
   (You found it on level 3 of the Dungeon)


   Skills:
 - Level 11.5 Fighting
 - Level 11.4 Polearms
 + Level 10.0 Slings
 - Level 8.8 Armour
 - Level 15.0 Shields
 + Level 9.4 Invocations
 + Level 9.6 Evocations


You had 13 spell levels left.
You didn't know any spells.

Dungeon Overview and Level Annotations

Branches:
Dungeon (11/15)            Temple (1/1) D:5             Orc (0/4) D:9
   Lair (7/8) D:11         Shoals (0/5) Lair:4        Snake (1/5) Lair:4
  Slime (0/6) Lair:7

Altars:
Ashenzari
Cheibriados
Dithmenos
Elyvilon
Fedhas
Kikubaaqudgha
Makhleb
Nemelex Xobeh
Okawaru
Qazlal
Sif Muna
Trog
Vehumet
Xom
Yredelemnul
Zin
The Shining One

Shops:
D:5 [

Annotations:
D:2 Crazy Yiuf
Lair:6 exclusion: oklob plant


Innate Abilities, Weirdness & Mutations

You reflexively headbutt those who attack you in melee.
You have a pair of large horns on your head.
You are frail (-10% HP).
Your spells are a little easier to cast, but a little less powerful.


Message History

You puncture the shock serpent!
The shock serpent is poisoned.
Your headbutt misses the shock serpent.
The shock serpent is lightly wounded.
The shock serpent's electric aura discharges!
The lightning shocks you. The shock serpent bites you!
The shock serpent shocks you!
* * * LOW HITPOINT WARNING * * *
Drink which item? (? for menu, Esc to quit)
You feel yourself speed up.
The shock serpent shoots out a bolt of electricity!
The bolt of electricity hits you!
* * * LOW HITPOINT WARNING * * *
The bolt of electricity hits you!
* * * LOW HITPOINT WARNING * * *
The bolt of electricity hits the shock serpent.
The shock serpent completely resists.
You block the shock serpent's attack.
You are very lightly contaminated with residual magic.
The shock serpent shoots out a bolt of electricity!
The bolt of electricity hits you!
You die...

##.##....)....# #?(# .
#.##.#....#..# #%[+ ...
#.#..#.....#.# #($#.?...
#.#.######...######.>...
#...# #.............
##..## ##............
....# ##..#..S.......
##..# ###..##..........
...## #....##@##.##[..
.### #....##..#.# . ##
#....###.# # #
#....##... # #.........#
#....##..## ### #....#
.# ##.## #....# ..
##...#####)...#.##


You could see a shock serpent.

Vanquished Creatures
  Rupert (Lair:7)
  Gastronok (Lair:3)
  9 hydras
  4 death yaks (Lair:6)
  A shock serpent (Snake:1)
  A hill giant (D:11)
  Erolcha (D:8)
  The ghost of Bikaver the Basher, an experienced OgHu of Qazlal (D:5)
  A naga ritualist (Snake:1)
  An unseen horror (D:11)
  2 griffons
  A mermaid (Lair:4)
  2 mana vipers (Snake:1)
  3 black mambas
  Maurice (D:9)
  3 toenail golems (Volcano)
  2 centaur zombies
  An elephant (D:11)
  Joseph (Lair:1)
  A guardian serpent (Snake:1)
  9 spiny frogs
  5 torpor snails (Lair:5)
  6 komodo dragons
  3 fire drakes
  A hydra zombie (D:11)
  3 trolls
  Prince Ribbit (Lair:1)
  A two-headed ogre (D:11)
  17 blink frogs
  A basilisk (Lair:4)
  44 yaks
  A deep elf mage (D:10)
  A wyvern (D:10)
  6 humans (Volcano)
  A hill giant skeleton (D:8)
  5 nagas (Snake:1)
  A hungry ghost (D:9)
  5 wolves (Lair:4)
  5 hippogriffs
  12 water moccasins
  3 wargs (D:9)
  4 orc warriors
  15 porcupines
  2 phantoms
  2 sky beasts
  3 ogres
  3 ice beasts (D:7)
  9 centaurs
  A boring beetle (Lair:7)
  12 crocodiles
  Duvessa (D:8)
  18 giant frogs
  5 big kobolds
  A cyclops skeleton (D:11)
  6 killer bees (D:7)
  4 scorpions
  An eye of draining (D:11)
  2 troll skeletons
  5 crimson imps
  5 wights (D:9)
  Dowan (D:8)
  An electric eel (D:10)
  6 orc priests
  A soldier ant zombie (D:8)
  5 goliath beetles
  A two-headed ogre zombie (D:9)
  A giant frog skeleton (D:8)
  4 jellies
  14 hounds
  7 iguanas
  16 orc wizards
  8 worker ants
  10 sheep
  7 gnolls
  40 green rats
  23 adders
  An orc zombie (D:8)
  A shadow imp (D:5)
  4 worms
  2 iguana zombies
  An adder skeleton (D:6)
  5 giant geckos
  11 oozes
  29 orcs
  15 bats
  A bat skeleton (D:5)
  12 giant cockroaches
  11 hobgoblins
  14 jackals
  19 kobolds
  11 quokkas
  5 ball pythons
  A giant newt (D:3)
  2 giant spores
  6 goblins
  A kobold skeleton (D:6)
  A quokka zombie (D:8)
  11 rats
  6 ballistomycetes
  A fungus (Lair:3)
  A plant (Lair:3)
585 creatures vanquished.

Vanquished Creatures (others)
  A crimson imp (D:7)
  An orc wizard (D:11)
  A hound skeleton (D:7)
  An orc (D:3)
  2 giant spores (D:11)
  A kobold (D:7)
  5 fungi
  3 plants (Lair:3)
15 creatures vanquished.

Grand Total: 600 creatures vanquished

Notes
Turn   | Place    | Note
--------------------------------------------------------------
     0 | D:1      | MinerD, the Minotaur Fighter, began the quest for the Orb.
     0 | D:1      | Reached XP level 1. HP: 19/19 MP: 1/1
   116 | D:1      | Reached skill level 4 in Shields
   116 | D:1      | Reached XP level 2. HP: 26/26 MP: 1/1
   416 | D:1      | Reached XP level 3. HP: 29/31 MP: 2/2
   759 | D:2      | Found a stormy altar of Qazlal.
   975 | D:2      | Reached XP level 4. HP: 40/40 MP: 2/2
  1016 | D:2      | Reached skill level 5 in Shields
  1214 | D:2      | Noticed Crazy Yiuf
  1507 | D:2      | Found a deep blue altar of Sif Muna.
  1909 | D:3      | Identified a cursed +1 rod of clouds (11/11) (You found it on level 3 of the Dungeon)
  2128 | D:3      | Found a shimmering altar of Xom.
  2197 | D:3      | Reached XP level 5. HP: 42/47 MP: 2/2
  2352 | D:3      | Reached skill level 5 in Fighting
  2451 | D:3      | Reached skill level 5 in Polearms
  2451 | D:3      | Reached XP level 6. HP: 50/56 MP: 3/3
  2830 | D:4      | Reached skill level 1 in Evocations
  2930 | D:4      | Found a glowing drain.
  2971 | Sewer    | Entered a sewer
  3069 | Sewer    | Reached skill level 6 in Polearms
  3090 | Sewer    | Reached XP level 7. HP: 55/61 MP: 4/4
  3594 | D:4      | Reached skill level 7 in Polearms
  4441 | D:5      | Entered Level 5 of the Dungeon
  4616 | D:5      | Noticed Bikaver's ghost (experienced OgHu)
  5063 | D:5      | Found a bloodstained altar of Trog.
  5126 | D:5      | Reached XP level 8. HP: 57/71 MP: 7/7
  5166 | D:5      | Found Fyalofym's Antique Armour Boutique.
  5365 | D:5      | Reached skill level 8 in Polearms
  5402 | D:5      | Found a staircase to the Ecumenical Temple.
  5407 | Temple   | Entered the Ecumenical Temple
  5437 | Temple   | Became a worshipper of Warmaster Okawaru
  6222 | D:6      | Reached skill level 9 in Polearms
  6866 | D:5      | Killed Bikaver's ghost
  6866 | D:5      | Acquired Okawaru's first power
  6866 | D:5      | Reached skill level 10 in Polearms
  6866 | D:5      | Reached XP level 9. HP: 71/81 MP: 9/11
  6921 | D:7      | Reached skill level 5 in Evocations
  7084 | D:7      | Found an iron altar of Okawaru.
  7312 | D:7      | Reached skill level 11 in Polearms
  7315 | D:7      | Got a faintly glowing cutlass
  7316 | D:7      | Identified the cursed +1 cutlass "Leviticus" {freeze, rElec rPois Int-4} (You found it on level 7 of the Dungeon)
  8200 | D:8      | Noticed Dowan
  8219 | D:8      | Killed Dowan
  8242 | D:8      | Noticed Duvessa
  8254 | D:8      | Killed Duvessa
  8254 | D:8      | Reached XP level 10. HP: 66/91 MP: 14/14
  8284 | D:8      | Noticed Erolcha
  8443 | D:8      | Noticed a centaur zombie
  8456 | D:8      | Killed a centaur zombie
  8520 | D:8      | Found a snail-covered altar of Cheibriados.
  8691 | D:8      | Reached skill level 5 in Armour
  8753 | D:8      | Killed Erolcha
  8987 | D:9      | Reached skill level 10 in Fighting
  9053 | D:9      | Noticed Maurice
  9082 | D:9      | Killed Maurice
  9233 | D:9      | Found a staircase to the Orcish Mines.
  9321 | D:9      | Found a glowing golden altar of the Shining One.
  9506 | D:9      | Reached skill level 10 in Shields
  9703 | D:10     | Entered Level 10 of the Dungeon
  9917 | D:10     | Received a gift from Okawaru
  9953 | D:10     | Noticed a griffon
  9964 | D:10     | Killed a griffon
  9964 | D:10     | Reached XP level 11. HP: 99/101 MP: 15/15
  9980 | D:10     | Acquired Okawaru's second power
 11080 | D:11     | Killed an unseen horror
 11378 | D:11     | Found a staircase to the Lair.
 11555 | D:11     | Received a gift from Okawaru
 11733 | D:11     | Noticed a four-headed hydra
 11746 | D:11     | Killed a four-headed hydra
 11792 | D:11     | Noticed a six-headed hydra
 11792 | D:11     | Noticed a seven-headed hydra
 11804 | D:11     | Killed a six-headed hydra
 11810 | D:11     | Killed a seven-headed hydra
 11810 | D:11     | Reached skill level 12 in Shields
 11847 | D:11     | Found a basalt altar of Yredelemnul.
 12143 | D:11     | Noticed a hill giant
 12154 | D:11     | Killed a hill giant
 12154 | D:11     | Reached skill level 1 in Invocations
 12451 | D:11     | Received a gift from Okawaru
 12452 | D:11     | Got a polished greatsling {god gift}
 12453 | D:11     | Identified the +4 greatsling of an ice cave {flame, rElec rPois Str-2} (Okawaru gifted it to you on level 11 of the Dungeon)
 12501 | Lair:1   | Entered Level 1 of the Lair of Beasts
 12583 | Lair:1   | Reached skill level 1 in Slings
 13294 | Lair:1   | Reached XP level 12. HP: 83/110 MP: 17/17
 13305 | Lair:1   | Reached skill level 13 in Shields
 13479 | Lair:1   | Noticed Joseph
 13501 | Lair:1   | Killed Joseph
 14367 | Lair:2   | Received a gift from Okawaru
 14368 | Lair:2   | Got a pair of smoking boots {god gift}
 14385 | Lair:2   | Noticed Prince Ribbit
 14426 | Lair:1   | Identified the +0 pair of boots of Stiwenn {+Blink +Inv rPois rC+} (Okawaru gifted it to you on level 2 of the Lair of Beasts)
 14574 | Lair:1   | Killed Prince Ribbit
 14788 | Lair:2   | Reached skill level 14 in Shields
 15820 | Lair:3   | Noticed an eight-headed hydra
 15845 | Lair:3   | Killed an eight-headed hydra
 15961 | Lair:3   | Noticed Gastronok
 15976 | Lair:3   | Killed Gastronok
 15976 | Lair:3   | Reached skill level 5 in Slings
 15976 | Lair:3   | Reached skill level 5 in Invocations
 16508 | Lair:3   | Reached skill level 15 in Shields
 16678 | Lair:3   | Received a gift from Okawaru
 16679 | Lair:3   | Got a brightly glowing demon trident {god gift}
 16680 | Lair:3   | Identified the +2 demon trident of Welfare {venom, rPois MR+} (Okawaru gifted it to you on level 3 of the Lair of Beasts)
 16817 | Lair:3   | Reached XP level 13. HP: 116/116 MP: 18/18
 17416 | Lair:4   | Found a dark tunnel.
 17425 | Volcano  | Entered a volcano
 17905 | Lair:4   | Found a staircase to the Snake Pit.
 18040 | Lair:4   | Gained mutation: You are frail (-10% HP). [potion of mutation]
 18040 | Lair:4   | Gained mutation: Your spells are a little easier to cast, but a little less powerful. [potion of mutation]
 18040 | Lair:4   | Gained mutation: You have a pair of large horns on your head. [potion of mutation]
 18302 | Lair:4   | Found a staircase to the Shoals.
 18643 | Lair:5   | Found a snail-covered altar of Cheibriados.
 18656 | Lair:5   | Received a gift from Okawaru
 19148 | Lair:5   | Received a gift from Okawaru
 19151 | Lair:5   | Got a faintly glowing plate armour {god gift}
 19168 | Lair:5   | Identified the -13 plate armour of Gluttony {rPois} (Okawaru gifted it to you on level 5 of the Lair of Beasts)
 19980 | Lair:6   | Found a blossoming altar of Fedhas.
 20610 | Lair:7   | Noticed Rupert
 20614 | Lair:7   | Paralysed by Rupert for 5 turns
 20643 | Lair:7   | Killed Rupert
 20643 | Lair:7   | Reached XP level 14. HP: 110/111 MP: 16/22
 20740 | Lair:7   | Found a staircase to the Slime Pits.
 21653 | Snake:1  | Entered Level 1 of the Snake Pit
 21931 | Snake:1  | Received a gift from Okawaru
 22001 | Snake:1  | Reached skill level 10 in Slings
 22041 | Snake:1  | HP: 2/111 [shock serpent/bolt of electricity (13)]
 22043 | Snake:1  | Killed from afar by a shock serpent

Action                   |  1- 3 |  4- 6 |  7- 9 | 10-12 | 13-15 || total
-------------------------+-------+-------+-------+-------+-------++-------
Melee: Trident           |   117 |    99 |   498 |    10 |       ||   724
       Rod               |       |   146 |     1 |     1 |     4 ||   152
       Spear             |       |       |    68 |  1099 |       ||  1167
       Demon trident     |       |       |       |     6 |   503 ||   509
 Fire: Greatsling        |       |       |       |    65 |    72 ||   137
Throw: Javelin           |       |       |       |     2 |    44 ||    46
Invok: Heroism           |       |       |       |     1 |     1 ||     2
       Finesse           |       |       |       |       |     1 ||     1
Evoke: Rod               |       |     6 |     7 |    13 |    12 ||    38
       Wand              |       |       |     3 |     3 |     3 ||     9
  Use: Scroll            |     9 |     4 |    11 |     8 |     5 ||    37
       Potion            |     3 |     5 |     3 |     1 |    10 ||    22
 Stab: Confused          |       |       |     1 |    12 |       ||    13
  Eat: Chunk             |       |    22 |    14 |    38 |    19 ||    93
       Bread ration      |       |       |     1 |       |       ||     1
